 Dungeon Crawl Stone Soup version 0.25.1-2-g60ff931df9 (webtiles) character file.

Game seed: 17772702468204699988

162 raphialitos the Shield-Bearer (level 5, -4/42 HPs)
             Began as a Formicid Fighter on Oct 20, 2020.
             Was an Initiate of Ashenzari.
             Slain by an ogre
             ... wielding a +0 giant spiked club
              (8 damage)
             ... on level 4 of the Dungeon.
             The game lasted 00:05:57 (3096 turns).

raphialitos the Shield-Bearer (Formicid Fighter)    Turns: 3096, Time: 00:05:58

Health: -4/42      AC:  8    Str: 21    XL:     5   Next: 71%
Magic:  5/5        EV:  8    Int: 14    God:    Ashenzari [......]
Gold:   176        SH:  9    Dex: 10    Spells: 4/4 levels left

rFire    . . .     SeeInvis +   a - +1 war axe
rCold    . . .     Gourm    .   c - +0 kite shield
rNeg     . . .     Faith    .   b - +0 scale mail
rPois    .         Spirit   .   (helmet unavailable)
rElec    .         Reflect  .   (no cloak)
rCorr    .         Harm     .   (no gloves)
MR       .....                  n - +0 pair of boots
Stlth    ..........             (no amulet)
HPRegen  0.14/turn              e - +6 ring of intelligence
MPRegen  0.09/turn              (no ring)

@: no status effects
A: permanent stasis, dig shafts and tunnels, four strong arms, antennae 3
a: Dig, Shaft Self, Curse Item, Renounce Religion


You were on level 4 of the Dungeon.
You worshipped Ashenzari.
Ashenzari was noncommittal.
You were not hungry.

You visited 1 branch of the dungeon, and saw 4 of its levels.

You collected 176 gold pieces.

Inventory:

Hand Weapons
 a - a +1 war axe (weapon)
Missiles
 k - 63 arrows
 o - 28 sling bullets
 t - 26 bolts
Armour
 b - a +0 scale mail (worn)
 c - a +0 kite shield (worn)
 n - a +0 pair of boots (worn)
Jewellery
 e - a +6 ring of intelligence (left hand)
 q - an uncursed ring of ice
Scrolls
 j - 2 scrolls of identify
 r - a scroll of immolation
Potions
 d - 2 potions of might
 g - 3 potions of curing
 i - 2 potions of stabbing
 m - a potion of heal wounds
Comestibles
 f - 7 rations


   Skills:
 + Level 4.1 Fighting
 + Level 3.4 Axes
 + Level 4.1 Armour
 + Level 1.0 Dodging
 + Level 0.3 Stealth
 + Level 4.4 Shields


You had 4 spell levels left.
You didn't know any spells.
Your spell library was empty.

Dungeon Overview and Level Annotations

Branches:
Dungeon (4/15)
 Temple: D:4-7

Altars:
Ashenzari
Nemelex Xobeh
Qazlal


Innate Abilities, Weirdness & Mutations

You cannot be hasted, slowed, berserked, paralysed or teleported.
You can dig through walls and to a lower floor.
Your four strong arms can wield two-handed weapons with a shield.
You have a pair of large antennae on your head. (SInv)


Message History

The ogre hits you with a +0 giant spiked club.
You hit the ogre.
The ogre is lightly wounded.
You barely miss the bullfrog skeleton.
The bullfrog skeleton barely misses you.
The ogre hits you with a +0 giant spiked club!
You block the bullfrog skeleton's attack.
You slash the ogre!
The ogre is moderately wounded.
You hit the bullfrog skeleton but do no damage.
You block the bullfrog skeleton's attack.
The ogre hits you with a +0 giant spiked club!!
* * * LOW HITPOINT WARNING * * *
You block the bullfrog skeleton's attack.
You slash the ogre!
The ogre is almost dead.
You hit the bullfrog skeleton.
You block the bullfrog skeleton's attack.
The ogre hits you with a +0 giant spiked club!
You die...

{ ##### .
###...#
...###...<.#
...........#
....8.Z@.###
##....O###
##...# #..#
.... ###. #


You could see an ogre and a bullfrog skeleton.

Vanquished Creatures
  5 adders
  4 gnolls (D:3)
  An ooze (D:3)
  An adder skeleton (D:4)
  3 leopard geckos
  8 orcs (D:3)
  2 giant cockroaches (D:1)
  4 goblins
  4 hobgoblins
  6 jackals
  A quokka (D:2)
  6 bats
  8 frilled lizards
  5 kobolds
  6 rats
  A plant (D:1)
65 creatures vanquished.

Notes
Turn   | Place    | Note
-------+----------+-------------------------------------------
     0 | D:1      | raphialitos the Formicid Fighter began the quest for the
                  | Orb.
     0 | D:1      | Reached XP level 1. HP: 18/18 MP: 1/1
   140 | D:1      | Reached XP level 2. HP: 20/24 MP: 2/2
   742 | D:2      | Reached XP level 3. HP: 29/29 MP: 3/3
  1269 | D:2      | Found a stormy altar of Qazlal.
  1455 | D:2      | Found a sparkling altar of Nemelex Xobeh.
  1612 | D:2      | Found a shattered altar of Ashenzari.
  1738 | D:3      | Reached XP level 4. HP: 34/37 MP: 4/4
  1837 | D:3      | Reached skill level 1 in Dodging
  1864 | D:3      | Reached XP level 5. HP: 19/42 MP: 5/5
  2173 | D:3      | Found a faded altar of an unknown god.
  3029 | D:2      | Became a worshipper of Ashenzari the Shackled
  3087 | D:4      | Noticed an ogre
  3096 | D:4      | Slain by an ogre

Illustrated notes

Levels and vault maps discovered:
D:1:      matt_arrival_grand_opening, layout_basic, minivault_14,
          serial_bayou_pond_c, hangedman_decor_clover_reticule
D:2:      layout_loops_ring, lemuel_crystal_altar,
          nicolae_overflow_hidden_temple, marbit_many_paths
D:3:      layout_basic, chequers_ecumenical_altar_twisty
D:4:      layout_basic, lemuel_doored_altar, grunt_ministairs_12,
          item_on_display_a, uniq_grinder, uniq_duvessa

Skill      XL: |  1  2  3  4  5 |
---------------+----------------+-----
Shields        | 4 |  4.4
Dodging        | 1 |  1.0
Fighting       | 4 |  4.1
Axes           | 3 |  3.4
Armour         | 4 |  4.1
Stealth        | |  0.3

Action                   |  1- 3 |  4- 6 || total
-------------------------+-------+-------++-------
Melee: War axe           |   135 |   108 ||   243
  Use: Scroll            |     8 |     7 ||    15
  Eat: Chunk             |     3 |     4 ||     7
Armor: Scale mail        |    60 |    41 ||   101
Dodge: Dodged            |    35 |    33 ||    68
Block: Kite shield       |    75 |    64 ||   139
